 Dungeon Crawl Stone Soup version 0.29-a0-416-g83a48905f1 (webtiles) character file.

Game seed: 12425010095304946210

914 sammy202020 the Skirmisher (level 7, -3/64 HPs)
             Began as a Minotaur Fighter on May 17, 2022.
             Slain by an ogre
             ... wielding a +0 giant spiked club
              (16 damage)
             ... on level 5 of the Dungeon.
             The game lasted 00:05:08 (4129 turns).

sammy202020 the Skirmisher (Minotaur Fighter)       Turns: 4129, Time: 00:05:09

Health: -3/64      AC:  7    Str: 26    XL:     7   Next: 82%
Magic:  6/6        EV: 10    Int:  7    God:
Gold:   229        SH:  5    Dex: 10    Spells: 6/6 levels left

rFire   . . .      SeeInvis .   a - +1 war axe
rCold   . . .      Faith    .   c - +0 buckler
rNeg    + . .      Spirit   .   b - +0 scale mail
rPois   .          Reflect  .   (helmet restricted)
rElec   .          Harm     .   (no cloak)
rCorr   .          Rampage  .   (no gloves)
Will    .....                   (no boots)
Stlth   ..........              (no amulet)
HPRegen 0.20/turn               k - ring of positive energy
MPRegen 0.10/turn               p - +6 ring of strength

@: no status effects
A: horns 2, retaliatory headbutt
a: no special abilities


You were on level 5 of the Dungeon.
You visited 1 branch of the dungeon, and saw 5 of its levels.

You collected 229 gold pieces.

Inventory:

Hand Weapons
 a - a +1 war axe (weapon)
Missiles
 g - 3 silver boomerangs (quivered)
 o - a throwing net
Armour
 b - a +0 scale mail (worn)
 c - a +0 buckler (worn)
Jewellery
 k - a ring of positive energy (left hand)
 p - a +6 ring of strength (right hand)
Wands
 l - a wand of charming (8)
 m - a wand of iceblast (2)
 n - a wand of polymorph (8)
 q - a wand of flame (4)
 t - a wand of mindburst (15)
Scrolls
 e - 2 scrolls of fog
Potions
 d - a potion of might
 f - 2 potions of haste
 h - 2 potions of invisibility
 i - 3 potions of curing
 j - a potion of lignification
 r - a potion of cancellation
 s - a potion of brilliance {unknown}


   Skills:
 * Level 6.7 Fighting
 * Level 6.3 Axes
 + Level 5.4 Armour
 + Level 3.3 Dodging
 + Level 5.3 Shields


You had 6 spell levels left.
You didn't know any spells.
Your spell library contained the following spells:

 Spells                   Type           Power      Damage    Failure   Level
 Animate Skeleton         Necr           0%         N/A       78%         1
 Pain                     Necr           0%         1d4       78%         1
 Corpse Rot               Necr/Air       0%         N/A       89%         2
 Poisonous Vapours        Pois/Air       0%         N/A       89%         2
 Dazzling Flash           Conj/Hex       0%         N/A       98%         3
 Vampiric Draining        Necr           0%         2d6       98%         3
 Iskenderun's Mystic Bla  Conj/Tloc      0%         2d3       100%        4
 Starburst                Conj/Fire      0%         6d3       100%        6


Dungeon Overview and Level Annotations

Branches:
Dungeon (5/15)
 Temple: D:4-7

Altars:
Makhleb
Yredelemnul


Innate Abilities, Weirdness & Mutations

You have a pair of horns on your head.
You reflexively headbutt those who attack you in melee.


Message History

No target in view!
No target in view!
No target in view!
No target in view!
No target in view!
An ogre comes into view. It is wielding a +0 giant spiked club.
The ogre shouts!
An ogre is nearby!
The ogre hits you with a +0 giant spiked club!!
You hit the ogre. Your headbutt misses the ogre.
The ogre is lightly wounded.
The ogre closely misses you.
You slash the ogre!
The ogre is almost dead.
The ogre hits you with a +0 giant spiked club!!
* * * LOW HITPOINT WARNING * * *
You are too injured to fight recklessly!
You are too injured to fight recklessly!
You are too injured to fight recklessly!
You are too injured to fight recklessly!
You are too injured to fight recklessly!
You are too injured to fight recklessly!
You are too injured to fight recklessly!
You are too injured to fight recklessly!
You are too injured to fight recklessly!
You are too injured to fight recklessly!
You are too injured to fight recklessly!
You are too injured to fight recklessly!
You are too injured to fight recklessly!
You are too injured to fight recklessly!
You are too injured to fight recklessly!
You are too injured to fight recklessly!
You are too injured to fight recklessly!
You are too injured to fight recklessly!
You are too injured to fight recklessly!
Sorry, you're not good enough to have a special ability.
You hit the ogre.
The ogre is almost dead.
The ogre hits you with a +0 giant spiked club!
You die...

# #############...
.))..............
####.#.###.##...#
####.#.# #.# #..#
.......# #.# #..#
.......# #.# #..#
###....# #.#
#..######## #
#....###.###..@O......
#.............########
##...........##
#######.##### #.# ..#
####


You could see an ogre.

Vanquished Creatures
  Grinder (D:4)
  Sigmund (D:2)
  Blork the orc (D:5)
  A necrophage (D:4)
  A howler monkey (D:4)
  4 hounds
  An orc priest (D:3)
  An iguana (D:5)
  A hound zombie (D:2)
  6 adders
  3 gnolls (D:4)
  A white imp (D:5)
  2 ufetubi
  2 adder skeletons (D:2)
  An adder zombie (D:2)
  A worm (D:4)
  8 orcs
  A bat skeleton (D:2)
  4 endoplasms
  2 giant cockroaches
  8 hobgoblins
  4 quokkas
  5 ball pythons
  2 ball python zombies (D:2)
  5 bats
  3 frilled lizards
  A giant cockroach zombie (D:2)
  4 goblins
  A jackal skeleton (D:2)
  A jackal zombie (D:2)
  6 kobolds
  3 quokka zombies (D:2)
  6 rats
92 creatures vanquished.

Vanquished Creatures (others)
  3 plants (D:2)
  2 withered plants (D:2)
5 creatures vanquished.

Grand Total: 97 creatures vanquished

Notes
Turn   | Place    | Note
-------+----------+-------------------------------------------
     0 | D:1      | sammy202020 the Minotaur Fighter began the quest for the
                  | Orb.
     0 | D:1      | Reached XP level 1. HP: 19/19 MP: 0/0
   416 | D:1      | Reached XP level 2. HP: 27/27 MP: 1/1
   959 | D:2      | Reached skill level 1 in Dodging
   959 | D:2      | Reached XP level 3. HP: 33/33 MP: 2/2
   959 | D:2      | Found a faded altar of an unknown god.
  1377 | D:2      | Noticed Sigmund
  1383 | D:2      | Reached XP level 4. HP: 27/41 MP: 3/3
  1384 | D:2      | Killed Sigmund
  1385 | D:2      | Reached skill level 5 in Fighting
  1385 | D:2      | Reached XP level 5. HP: 31/48 MP: 4/4
  2027 | D:3      | Reached XP level 6. HP: 56/56 MP: 5/5
  2560 | D:4      | Reached skill level 5 in Axes
  2597 | D:4      | Found a burning altar of Makhleb.
  2849 | D:4      | Noticed Grinder
  2859 | D:4      | Paralysed by Grinder for 3 turns
  2865 | D:4      | Paralysed by Grinder for 3 turns
  2877 | D:4      | Killed Grinder
  2878 | D:4      | Reached skill level 5 in Armour
  2878 | D:4      | Reached skill level 5 in Shields
  2878 | D:4      | Reached XP level 7. HP: 27/63 MP: 6/6
  3353 | D:4      | Noticed a green death
  3356 | D:4      | Noticed a ynoxinul
  3356 | D:4      | Noticed a ynoxinul
  3399 | D:5      | Entered Level 5 of the Dungeon
  3482 | D:5      | Noticed Blork the orc
  3492 | D:5      | Killed Blork the orc
  3949 | D:5      | Found a basalt altar of Yredelemnul.
  4129 | D:5      | Slain by an ogre

Illustrated notes

Levels and vault maps discovered:
D:1:      dpeg_arrival_rooms_c, layout_loops_corners
D:2:      layout_basic, nicolae_ecumenical_snake_handling, serial_undead,
          serial_undead_a, serial_undead_a, serial_undead_c, serial_undead_f,
          serial_undead_a, serial_undead_d, serial_undead_f, serial_undead_e,
          glass_columns_c, serial_bayou_lagoon_b, uniq_sigmund
D:3:      cheibrodos_pilgrimage, layout_basic, serial_glass, glass_columns_c,
          glass_columns_b
D:4:      layout_cave_pools, makhleb_altar_promises_db, uniq_grinder
D:5:      layout_loops_ring, mainiacjoe_overflow_concentric_impassable,
          mainiacjoe_overflow_catwalk, uniq_blork_the_orc

Skill      XL: |  1  2  3  4  5  6  7 |
---------------+----------------------+-----
Fighting       | 4 5 6 |  6.7
Axes           | 3 4 5 6 |  6.3
Dodging        | 1 2 3 |  3.3
Armour         | 4 5 |  5.4
Shields        | 4 5 |  5.3

Action                   |  1- 3 |  4- 6 |  7- 9 || total
-------------------------+-------+-------+-------++-------
Melee: War axe           |    70 |    84 |    36 ||   190
       Headbutt          |     8 |    10 |     5 ||    23
  Use: Scroll            |     6 |     6 |     3 ||    15
       Potion            |     1 |       |     1 ||     2
Armor: Scale mail        |    28 |    46 |     7 ||    81
Dodge: Dodged            |    38 |    58 |    16 ||   112
Block: Buckler           |    24 |    20 |     4 ||    48

Table legend: (Time is in decaauts)
 A = Elapsed time spent in this place.
 B = Non-inter-level travel time spent in this place.
 C = Inter-level travel time spent in this place.
 D = Time resting spent in this place.
 E = Time spent auto-exploring this place.
 F = Levels seen in this place.
 G = Mean time per level.
                   A        B        C        D        E       F      G
               +--------+--------+--------+--------+--------+-----+--------+
         Total |   4192 |   4178 |     14 |    489 |   2980 |   5 |  838.4 |
       Dungeon |   4192 |   4178 |     14 |    489 |   2980 |   5 |  838.4 |
               +--------+--------+--------+--------+--------+-----+--------+

Top non-repeatable levels by time:
     D:2: 1060 daAuts
     D:1: 875 daAuts
     D:4: 859 daAuts
     D:5: 735 daAuts
     D:3: 663 daAuts
